 Dungeon Crawl Stone Soup version 0.18.1-48-g4cf74bf (webtiles) character file.

3682 Krovax3 the Summoner (level 10, -2/70 HPs)
             Began as a Merfolk Summoner on July 30, 2016.
             Was a Priest of Sif Muna.
             Slain by an orc warrior
             ... wielding a +0 halberd
              (29 damage)
             ... in a bailey on Aug 4, 2016.
             The game lasted 02:08:18 (11304 turns).

Krovax3 the Summoner (Merfolk Summoner)            Turns: 11304, Time: 02:08:18

Health: -2/70      AC:  8    Str:  8      XL:     10   Next: 13%
Magic:  12/31      EV: 19    Int: 17 (18) God:    Sif Muna [***...]
Gold:   147        SH:  0    Dex: 15      Spells: 7 memorised, 8 levels left

rFire  . . .     SeeInvis .     H - +5 trident of the Badger {pierce, +Rage}
rCold  . . .     Gourm    .     p - +2 robe {MR+}
rNeg   . . .     Faith    .     (no shield)
rPois  .         Spirit   .     j - +1 helmet
rElec  .         Dismiss  .     D - +1 cloak
rCorr  .         Reflect  .     (no gloves)
SustAt .         Harm     .     (no boots)
MR     +....                    z - amulet of magic regeneration
Stlth  ++........               y - ring of magical power
                                o - +6 ring of evasion

@: very slightly contaminated, somewhat resistant to hostile enchantments,
unstealthy
A: change form in water, swift swim
a: Channel Energy, Renounce Religion, Evoke Berserk Rage


You were in a bailey.
You worshipped Sif Muna.
Sif Muna was most pleased with you.
You were hungry.

You visited 2 branches of the dungeon, and saw 10 of its levels.
You also visited: Sewer and Bailey.

You collected 568 gold pieces.
You spent 421 gold pieces at shops.

Inventory:

Hand Weapons
 f - a +0 glaive
 n - a +1 dagger of venom
 A - the +8 mace "Hinaz" {crush, *Contam rElec rPois rC+++}
   (You found it on level 4 of the Dungeon)

   It inflicts extra damage upon your enemies.
   It renders you almost immune to cold.
   It insulates you from electricity.
   It protects you from poison.
   It causes magical contamination when unequipped.
 C - a +1 trident
 E - a +2 spear of freezing
 H - the +5 trident of the Badger (weapon) {pierce, +Rage}
   (You bought it in a shop on level 6 of the Dungeon)

   It inflicts extra damage upon your enemies.
   It lets you go berserk.
Missiles
 m - 4 javelins (quivered)
 M - a throwing net
Armour
 j - a +1 helmet (worn)
 p - a +2 robe of magic resistance (worn)
 D - a +1 cloak (worn)
Jewellery
 k - an uncursed amulet of rage
 o - a +6 ring of evasion (left hand)
 u - an uncursed ring of loudness
 y - a ring of magical power (right hand)
 z - an amulet of magic regeneration (around neck)
 I - an uncursed ring of teleportation
 T - a cursed amulet of inaccuracy
Wands
 g - a wand of iceblast (15/15)
 Q - a wand of enslavement (1/24)
Scrolls
 h - 7 scrolls of remove curse
 x - a scroll of amnesia
 G - 2 scrolls of identify
 N - a scroll of fog
 O - a scroll of fear
 S - a scroll of teleportation
Potions
 d - a potion of brilliance
 e - 2 potions of mutation
 i - 4 potions of agility
 l - 4 potions of curing
 r - a potion of lignification
 t - 2 potions of flight
 v - a potion of heal wounds
 w - 2 potions of invisibility
 B - 2 potions of might {unknown}
 F - a potion of beneficial mutation {unknown}
 L - a potion of berserk rage {unknown}
Books
 a - a book of the Sky

   Spells                             Type                      Level
   a - Summon Lightning Spire         Summoning/Air                4
   b - Airstrike                      Air                          4
   c - Silence                        Hexes/Air                    5
   d - Deflect Missiles               Charms/Air                   6
   e - Conjure Ball Lightning         Conjuration/Air              6
   f - Tornado                        Air                          9
 b - a book of Callings

   Spells                             Type                      Level
   a - Summon Small Mammal            Summoning                    1
   b - Call Imp                       Summoning                    2
   c - Call Canine Familiar           Summoning                    3
   d - Summon Guardian Golem          Hexes/Summoning              3
   e - Summon Lightning Spire         Summoning/Air                4
   f - Summon Ice Beast               Ice/Summoning                4
 q - a book of Frost

   Spells                             Type                      Level
   a - Freeze                         Ice                          1
   b - Throw Frost                    Conjuration/Ice              2
   c - Ozocubu's Armour               Charms/Ice                   3
   d - Throw Icicle                   Conjuration/Ice              4
   e - Summon Ice Beast               Ice/Summoning                4
 s - a book of Minor Magic

   Spells                             Type                      Level
   a - Magic Dart                     Conjuration                  1
   b - Blink                          Translocation                2
   c - Call Imp                       Summoning                    2
   d - Repel Missiles                 Charms/Air                   2
   e - Slow                           Hexes                        2
   f - Conjure Flame                  Conjuration/Fire             3
   g - Mephitic Cloud                 Conjuration/Poison/Air       3
 P - the Grimoire of the Ten Stars
   (You acquired it on level 9 of the Dungeon)

   Spells                             Type                      Level
   a - Summon Butterflies             Summoning                    1
   b - Apportation                    Translocation                1
   c - Summon Forest                  Summoning/Translocation      5
   d - Spellforged Servitor           Conjuration/Summoning        7
   e - Summon Hydra                   Summoning                    7
Comestibles
 c - 8 bread rations
 J - 7 slices of pizza
 K - 2 beef jerkies
 R - a meat ration


   Skills:
 - Level 3.0 Fighting
 - Level 6.3 Polearms
 - Level 3.1 Dodging
 - Level 2.2 Stealth
 * Level 8.1 Spellcasting
 + Level 0.1 Conjurations
 + Level 8.4 Summonings
 - Level 2.3 Translocations
 + Level 4.1 Ice Magic
 - Level 2.2 Invocations
 + Level 3.0 Evocations


You had 8 spell levels left.
You knew the following spells:

 Your Spells              Type           Power        Failure   Level  Hunger
a - Call Canine Familiar  Summ           #####...     1%          3    #......
b - Call Imp              Summ           #####...     1%          2    None
c - Blink                 Tloc           N/A          10%         2    None
d - Summon Ice Beast      Ice/Summ       ####....     10%         4    ###....
e - Ozocubu's Armour      Chrm/Ice       ##......     14%         3    #......
f - Throw Frost           Conj/Ice       ##....       10%         2    None
g - Summon Butterflies    Summ           #####...     1%          1    None


Dungeon Overview and Level Annotations

Branches:
Dungeon (9/15)             Temple (1/1) D:4
   Lair: D:8-11         Orc: D:9-12

Altars:
Cheibriados
Dithmenos
Elyvilon
Fedhas
Gozag
Makhleb
Okawaru
Pakellas
Qazlal
Ru
Sif Muna
Trog
Xom
Yredelemnul
Zin
The Shining One

Shops:
D:5 (   D:6 (   D:7 ?=[[   D:8 !

Annotations:
D:4 exclusion: downstairs
D:9 3 exclusions


Message History

Your ice beast freezes the orc knight!
The orc hits your ice beast with a hand axe.
The orc hits your hound with a hand axe.
The orc warrior hits your hound with a glaive!!
Your hound dies!
Your hound's corpse disappears in a puff of smoke!
The orc closely misses your ice beast.
Your ice beast closely misses the orc knight.
Your iron imp hits the orc.
The orc knight completely misses your iron imp.
The orc hits your iron imp but does no damage.
Casting: Summon Ice Beast
Confirm with . or Enter, or press ? or * to list all spells.
Your ice beast closely misses the orc knight.
The orc hits your ice beast with a hand axe!
The orc closely misses you. The orc closely misses your butterfly.
The orc completely misses your butterfly.
The orc closely misses your iron imp.
The orc warrior hits you from afar with a halberd!!
You die...

####### #####
##.....#########.....
#####.......#.bYb.#o.....
....#)......'..bbb5oYo...
....[)).....'...@oooooo..
....#)).....'.b...'.Y.)..
#####.......#....b#.o....
##.....#########.....
####### #####


You could see 2 orc knights, 4 orc warriors, 4 orcs, 3 friendly ice beasts and a
friendly iron imp.

Vanquished Creatures
  Maurice (D:8)
  A human (D:7)
  A hippogriff (D:7)
  A water moccasin (D:7)
  Duvessa (D:5)
  2 black bears
  2 sky beasts
  3 ogres
  A phantom (D:5)
  A big kobold (Sewer)
  5 giant frogs
  2 water moccasin zombies
  A gnoll sergeant (D:7)
  2 scorpions
  A water moccasin skeleton (D:8)
  3 wights (D:6)
  2 quasits
  3 hounds
  2 orc priests
  2 jellies
  2 orc wizards
  An iguana (D:9)
  3 worker ants
  3 sheep (D:7)
  A hound skeleton (D:6)
  Robin (D:2)
  5 gnolls (D:7)
  9 adders
  2 river rats (Sewer)
  A shadow imp (D:8)
  An ooze (D:2)
  5 adder skeletons
  A worm (D:2)
  2 dart slugs
  8 giant geckos
  26 orcs
  2 ball pythons
  10 bats
  6 giant cockroaches
  14 goblins
  9 hobgoblins
  2 jackals (D:5)
  A quokka (D:2)
  4 giant newts
  14 kobolds
  A quokka skeleton (D:8)
  10 rats
181 creatures vanquished.

Vanquished Creatures (collateral kills)
  A wraith (D:9)
  An orc warrior (Bailey)
  4 ice beasts
  A centaur (D:9)
  3 giant frogs
  Dowan (D:5)
  A wight (D:6)
  A howler monkey (D:4)
  2 crimson imps
  A gnoll shaman (D:7)
  An orc priest (D:6)
  2 orc wizards
  3 worker ants
  A sheep (D:7)
  A worker ant zombie (D:7)
  2 gnolls (D:7)
  3 adders
  A river rat (Sewer)
  A shadow imp (D:7)
  A worm (D:5)
  A giant gecko (D:3)
  27 orcs
  A giant cockroach (D:3)
  6 goblins
  3 hobgoblins
  2 jackals (Sewer)
  A quokka (D:7)
  3 bats
  2 kobolds (D:2)
78 creatures vanquished.

Vanquished Creatures (others)
  A centaur (D:5)
  2 iguanas
  A worker ant (D:5)
  3 orcs (Bailey)
7 creatures vanquished.

Grand Total: 266 creatures vanquished

Notes
Turn   | Place    | Note
--------------------------------------------------------------
     0 | D:1      | Krovax3 the Merfolk Summoner began the quest for the Orb.
     0 | D:1      | Reached XP level 1. HP: 13/13 MP: 3/3
   533 | D:1      | Reached XP level 2. HP: 19/19 MP: 5/5
  1437 | D:2      | Reached XP level 3. HP: 14/24 MP: 6/6
  2060 | D:2      | Learned a level 2 spell: Call Imp
  2501 | D:2      | Reached XP level 4. HP: 27/30 MP: 8/8
  2603 | D:2      | Learned a level 3 spell: Call Canine Familiar
  2683 | D:2      | Found a sacrificial altar of Ru.
  2894 | D:2      | Noticed Robin
  3111 | D:2      | Killed Robin
  3845 | D:3      | Found a glowing silver altar of Zin.
  3892 | D:3      | Reached XP level 5. HP: 33/35 MP: 3/11
  3930 | D:3      | Found a glowing drain.
  3937 | Sewer    | Entered a sewer
  4080 | Sewer    | Noticed a big kobold
  4119 | Sewer    | Killed a big kobold
  4119 | Sewer    | Reached skill level 5 in Summonings
  4119 | Sewer    | Reached XP level 6. HP: 39/41 MP: 6/12
  4179 | Sewer    | Found a white marble altar of Elyvilon.
  4479 | D:3      | Found an oddly glowing altar of Pakellas.
  4479 | D:3      | Noticed an orange crystal statue
  4494 | D:3      | Noticed a black bear
  4507 | D:3      | Killed a black bear
  4620 | D:4      | Reached skill level 5 in Spellcasting
  4755 | D:4      | Found a stormy altar of Qazlal.
  4981 | D:4      | Got a translucent mace
  4982 | D:4      | Identified the +8 mace "Hinaz" {crush, *Contam rElec rPois rC+++} (You found it on level 4 of the Dungeon)
  5101 | D:4      | Found a staircase to the Ecumenical Temple.
  5113 | Temple   | Entered the Ecumenical Temple
  5169 | Temple   | Became a worshipper of Sif Muna the Loreminder
  5300 | D:4      | Reached XP level 7. HP: 40/47 MP: 15/15
  5341 | D:4      | Found a shimmering altar of Xom.
  5382 | D:4      | Learned a level 2 spell: Blink
  5387 | D:4      | Learned a level 4 spell: Summon Ice Beast
  5493 | D:5      | Entered Level 5 of the Dungeon
  5496 | D:5      | Found an opulent altar of Gozag.
  5513 | D:5      | Found Esomom's Antique Weapon Boutique.
  5567 | D:5      | Bought a runed spear for 90 gold pieces
  5621 | D:5      | Gained mutation: You occasionally shout uncontrollably at your foes. [mutagenic glow]
  5678 | D:5      | Noticed Duvessa
  5678 | D:5      | Noticed Dowan
  5889 | D:5      | Killed Dowan
  6126 | D:5      | Reached skill level 1 in Fighting
  6299 | D:5      | Killed Duvessa
  6299 | D:5      | Reached skill level 1 in Translocations
  6663 | D:5      | Reached skill level 1 in Polearms
  6677 | D:5      | Reached XP level 8. HP: 43/54 MP: 15/17
  6788 | D:5      | Found a shimmering altar of Xom.
  6873 | D:5      | Reached * piety under Sif Muna
  7014 | D:6      | Reached skill level 1 in Ice Magic
  7098 | D:6      | Found Yrchoix's Antique Weapon Shop.
  7107 | D:6      | Bought a fine trident for 212 gold pieces
  7107 | D:6      | Identified the +5 trident of the Badger {pierce, +Rage} (You bought it in a shop on level 6 of the Dungeon)
  7566 | D:6      | Found a glowing golden altar of the Shining One.
  8066 | D:6      | Found a snail-covered altar of Cheibriados.
  8515 | D:7      | Found Majiv's Antique Armour Shop.
  8536 | D:7      | Reached ** piety under Sif Muna
  8536 | D:7      | Reached skill level 5 in Polearms
  8536 | D:7      | Reached XP level 9. HP: 59/59 MP: 19/19
  8599 | D:7      | Found Cumulote's Armour Boutique.
  8805 | D:7      | Found Hamamoj's Jewellery Shop.
  8851 | D:7      | Found a shadowy altar of Dithmenos.
  8953 | D:7      | Found Olaekk's Magic Scroll Boutique.
  8957 | D:7      | Bought a scroll of fog for 28 gold pieces
  9092 | D:7      | Reached skill level 1 in Evocations
  9514 | D:8      | Noticed Maurice
  9546 | D:8      | Killed Maurice
  9546 | D:8      | Reached skill level 1 in Invocations
  9635 | D:8      | Lost mutation: You occasionally shout uncontrollably at your foes. [potion of cure mutation]
  9790 | D:8      | Found Jona's Distillery.
  9797 | D:8      | Bought a potion of brilliance for 52 gold pieces
  9797 | D:8      | Bought a potion of curing for 39 gold pieces
 10531 | D:9      | Reached *** piety under Sif Muna
 10531 | D:9      | Reached XP level 10. HP: 70/70 MP: 21/21
 10802 | D:9      | Learned a level 3 spell: Ozocubu's Armour
 10805 | D:9      | Learned a level 2 spell: Throw Frost
 10820 | D:9      | Identified a scroll of acquirement
 10821 | D:9      | Identified the Grimoire of the Ten Stars (You acquired it on level 9 of the Dungeon)
 10824 | D:9      | Learned a level 1 spell: Summon Butterflies
 10927 | D:9      | Found a flagged portal.
 10940 | Bailey   | Entered a bailey
 11293 | Bailey   | Noticed an orc knight
 11300 | Bailey   | Noticed an orc knight
 11304 | Bailey   | Slain by an orc warrior

Skill      XL: |  1  2  3  4  5  6  7  8  9 10 |
---------------+-------------------------------+-----
Dodging        | 3 |  3.1
Spellcasting   | 3 4 5 6 7 8 |  8.1
Summonings     | 5 6 7 8 |  8.4
Fighting       | 1 3 |  3.0
Translocations | 2 |  2.3
Polearms       | 2 5 6 |  6.3
Ice Magic      | 3 4 |  4.1
Evocations     | 2 3 |  3.0
Invocations    | 1 2 |  2.2
Stealth        | |  2.2
Conjurations   | |  0.1

Action                   |  1- 3 |  4- 6 |  7- 9 | 10-12 || total
-------------------------+-------+-------+-------+-------++-------
Melee: Unarmed           |    30 |       |       |       ||    30
       Dagger            |   140 |   204 |       |       ||   344
       Tailslap          |       |     5 |       |       ||     5
       Mace              |       |    11 |     9 |       ||    20
       Spear             |       |       |   124 |       ||   124
       Trident           |       |       |   219 |    52 ||   271
 Cast: Summon Small Mamm |    12 |       |       |       ||    12
       Call Imp          |     3 |     8 |    29 |     2 ||    42
       Call Canine Famil |       |    14 |    40 |     4 ||    58
       Blink             |       |       |     8 |       ||     8
       Summon Ice Beast  |       |       |     3 |    17 ||    20
       Summon Butterflie |       |       |       |     3 ||     3
       Ozocubu's Armour  |       |       |       |     2 ||     2
Evoke: Wand              |       |       |       |     5 ||     5
  Use: Scroll            |       |     7 |    11 |     2 ||    20
       Potion            |       |       |     7 |       ||     7
 Stab: Sleeping          |     5 |    11 |     8 |     3 ||    27
       Distracted        |       |     2 |     7 |       ||     9
  Eat: Chunk             |     5 |     8 |     9 |     2 ||    24
       Pizza             |       |     2 |       |       ||     2
       Meat ration       |       |       |     2 |       ||     2
       Royal jelly       |       |       |       |     1 ||     1
Armor: Robe              |    48 |    28 |    52 |    22 ||   150
Dodge: Dodged            |   159 |   176 |   212 |    57 ||   604
